AoeStats
← yagokp

Black Forest

506456188Analyzed
4v4 RM · 18d ago on Sep 13, 2026· 97m 15s· 8 players
Game mode
Random Map
Map size
Large (8 player)
Population
200
Speed
Normal
Resources
Standard
Victory
Conquest
Starting age
Dark Age
Ending age
Imperial Age
RankedLock teamsTeams togetherTeam positionsShared explorationLock speedFull tech treeHidden civsTurbo modeCheats
Victory
Defeat
🇮🇹 Khmer · Italy
674
+11
🇺🇸 Britons · United States
519
+18
🇺🇸 Romans · United States
481
+19
🇨🇱 Sicilians · Chile
404
+23
🇧🇷 Khmer · Brazil
572
-29
🇧🇷 Chinese · Brazil
558
-18
🇩🇪 Aztecs · Germany
558
-18
🇨🇿 Bohemians · Czechia
544
-17
yagokp
12:22 Feudal Age
18:56 Castle Age
19:03 Wheelbarrow
18:56 Gold Mining
20:18 Padded Archer Armor
20:42 Fletching
21:18 Double-Bit Axe
22:46 Bow Saw
23:29 Gold Shaft Mining
28:13 Leather Archer Armor
30:40 Horse Collar
33:43 Bodkin Arrow
39:49 Imperial Age
37:53 Ballistics
37:51 Town Watch
41:00 Caravan
41:37 Conscription
43:46 Town Patrol
44:04 Hand Cart
47:03 Bracer
47:23 Squires
62:34 Pikeman
70:08 Scale Mail Armor
70:19 Forging
74:08 Halberdier
78:29 Heated Shot
Igorlinguica
12:51 Feudal Age
13:17 Double-Bit Axe
14:12 Wheelbarrow
13:44 Horse Collar
19:13 Castle Age
17:30 Stone Mining
20:10 Hand Cart
22:43 Stone Shaft Mining
22:01 Gold Mining
22:29 Bow Saw
25:43 Stone Shaft Mining
25:46 Gold Shaft Mining
35:13 Imperial Age
34:51 Caravan
35:14 Elite Ballista Elephant
37:23 Double Crossbow
Rendys_XII
0:34 Loom
16:04 Feudal Age
17:39 Horse Collar
17:46 Double-Bit Axe
22:56 Castle Age
22:45 Forging
22:26 Fletching
25:03 Bow Saw
26:47 Squires
28:03 Heavy Plow
32:12 Pikeman
32:37 Arson
32:55 Padded Archer Armor
32:55 Scale Mail Armor
33:00 Scale Barding Armor
34:37 Ballistics
35:40 Leather Archer Armor
35:38 Herbal Medicine
35:43 Devotion
35:44 Atonement
37:06 Wheelbarrow
36:16 Town Watch
36:16 Treadmill Crane
36:28 Guard Tower
38:17 Town Patrol
38:33 Hand Cart
38:45 Town Patrol
39:02 Hand Cart
39:50 Chemistry
38:46 Murder Holes
40:22 Fortified Wall
40:23 Masonry
40:43 Chain Barding Armor
40:40 Chain Mail Armor
41:40 Coinage
41:11 Caravan
44:54 Imperial Age
43:21 Iron Casting
43:15 Bodkin Arrow
46:03 Bombard Tower
45:08 Houfnice
45:55 Halberdier
47:29 Banking
47:09 Guilds
48:34 Light Cavalry
48:34 Cavalier
49:16 Husbandry
48:49 Elite Hussite Wagon
66:33 Ring Archer Armor
66:04 Bracer
67:04 Blast Furnace
66:35 Plate Mail Armor
xorpad
14:16 Feudal Age
14:51 Man-at-Arms
25:05 Castle Age
30:29 Eagle Warrior
33:58 Gold Mining
34:08 Double-Bit Axe
39:42 Imperial Age
37:52 Pikeman
38:33 Squires
38:50 Scale Mail Armor
39:00 Forging
40:32 Wheelbarrow
40:47 Elite Eagle Warrior
42:19 Bow Saw
42:47 Chain Mail Armor
43:08 Iron Casting
42:34 Padded Archer Armor
56:48 Chemistry
56:09 Ballistics
55:40 Heated Shot
56:19 Hand Cart
57:49 Capped Ram
57:57 Onager
64:37 Siege Onager
69:32 Siege Ram
PineappleJoYo
0:33 Loom
12:13 Feudal Age
14:12 Horse Collar
25:07 Castle Age
27:43 Heavy Plow
29:40 Fortified Wall
29:53 Masonry
29:40 Murder Holes
29:44 Town Watch
34:53 Caravan
36:40 Elite Skirmisher
41:29 Imperial Age
43:41 Architecture
44:35 Conscription
45:34 Crop Rotation
46:56 Scale Barding Armor
52:11 Heavy Scorpion
58:58 Ballistas
59:08 Forging
59:19 Chain Barding Armor
58:50 Fletching
64:16 Plate Barding Armor
64:17 Iron Casting
63:38 Bodkin Arrow
71:19 Comitatenses
75:15 Husbandry
75:39 Bloodlines
79:23 Light Cavalry
81:36 Squires
80:57 Pikeman
87:56 Elite Centurion
89:56 Blast Furnace
88:58 Scale Mail Armor
93:09 Chain Mail Armor
92:56 Halberdier
LOLLYCT 85
10:49 Feudal Age
16:06 Castle Age
23:56 Horse Collar
24:05 Double-Bit Axe
24:45 Heavy Plow
25:01 Bow Saw
24:52 Gold Mining
26:39 Gold Shaft Mining
28:02 Wheelbarrow
28:19 Stone Mining
29:12 Hand Cart
31:56 Imperial Age
31:10 Stone Shaft Mining
33:38 Chemistry
33:32 Conscription
34:57 Crop Rotation
35:37 Double Crossbow
34:59 Elite Ballista Elephant
38:24 Heavy Scorpion
40:02 Fortified Wall
51:12 Capped Ram
53:22 Caravan
55:10 Siege Ram
66:54 Husbandry
67:05 Bloodlines
66:17 Light Cavalry
67:41 Onager
71:39 Hussar
guitarflyingmatt
7:45 Loom
11:30 Feudal Age
13:50 Wheelbarrow
13:03 Horse Collar
13:12 Double-Bit Axe
16:48 Gold Mining
20:20 Castle Age
18:45 Forging
19:35 Stone Mining
21:16 Hand Cart
22:36 Gold Shaft Mining
22:04 Heavy Plow
25:05 Caravan
25:39 Fletching
26:15 Town Watch
26:46 Squires
26:09 Man-at-Arms
28:20 Ballistics
28:10 Fortified Wall
27:42 Treadmill Crane
28:16 Fortified Wall
27:41 Long Swordsman
29:07 Scale Mail Armor
28:58 Pikeman
30:20 Arson
32:25 Bodkin Arrow
32:32 Padded Archer Armor
33:41 Murder Holes
35:06 Sanctity
34:59 Fervor
35:14 Sanctity
35:57 Iron Casting
38:51 Imperial Age
36:29 Herbal Medicine
37:07 Yeomen
38:00 Chain Mail Armor
38:02 Leather Archer Armor
39:22 Scale Barding Armor
39:30 Town Patrol
39:48 Bow Saw
40:15 Conscription
39:32 Two-Handed Swordsman
42:15 Hoardings
41:46 Bracer
41:37 Halberdier
43:00 Elite Longbowman
44:28 Champion
45:32 Warwolf
51:11 Two-Man Saw
63:21 Illumination
63:35 Theocracy
63:20 Block Printing
Cap-Royers
0:41 Loom
12:49 Feudal Age
13:24 Double-Bit Axe
14:29 Wheelbarrow
15:23 Horse Collar
20:12 Gold Mining
27:38 Castle Age
25:56 Stone Mining
27:07 Fletching
30:59 Hand Cart
33:19 Bow Saw
34:38 Gold Shaft Mining
35:11 Pikeman
39:41 Stone Shaft Mining
40:17 Heavy Plow
44:52 Imperial Age
42:27 Scale Mail Armor
42:28 Padded Archer Armor
42:24 Bodkin Arrow
44:58 Caravan
46:15 Crop Rotation
46:13 Elite Skirmisher
49:02 Halberdier
56:19 Elite Serjeant
62:42 Heavy Scorpion
67:53 Light Cavalry
76:20 Chemistry
77:33 Crossbowman
79:05 Bracer
79:20 Leather Archer Armor
79:16 Forging
79:12 Scale Barding Armor
79:22 Chain Mail Armor
88:16 Bloodlines
88:07 Husbandry
91:20 Cavalier
Connection lost

Rejoining the realm…

Still unreachable

The connection could not be restored.

Session expired

The server has moved on; the page needs a fresh start.